Map: Ultralove

Players

Tyranos

  • Race: Zerg Zerg
  • League: Silver
  • Spawn Location: 1:00

MajinIrukita - Winner!

  • Race: Zerg Zerg
  • League: Silver
  • Spawn Location: 7:00

VOD

Have the link to the VOD?

Description

Blue side has an unusual build order that works fast

Time

  • Played on: April 21, 2025, 6:44 p.m.
  • Length: 21:06
Show
View Real Time Build Order
Export as new Build Order

Tyranos Zerg 

Build Orders: Hatch First 

Get SALT Encoding   

  12  0:01  Drone  
  13  0:09  Drone  
  14  0:16  Overlord  
  14  0:36  Drone x2  
  14  0:37  Drone  
  17  0:54  Drone  
  18  0:59  Hatchery  
  17  1:08  Extractor  
  16  1:12  Spawning Pool  
  16  1:13  Drone  
  16  1:21  Drone  
  16  1:22  Drone  
  18  1:34  Extractor  
  17  1:40  Drone  
  17  1:44  Overlord  
  18  1:53  Drone  
  19  2:02  Queen  
  21  2:08  Metabolic Boost  
  21  2:10  Zergling x2  
  22  2:19  Drone  
  22  2:20  Drone  
  24  2:23  Queen  
  26  2:44  Zergling x6  
  29  2:55  Lair  
  29  2:59  Burrow  
  29  3:05  Overlord  
  29  3:08  Overlord  
  28  3:30  Evolution Chamber  
  28  3:31  Drone x4  
  28  3:33  Overlord  
  31  3:37  Drone  
  29  4:03  Zerg Melee Weapons Level 1  
  29  4:08  Spire  
  28  4:12  Roach Warren  
  27  4:17  Zergling x2  
  27  4:18  Zergling x2  
  29  4:31  Zergling x2  
  29  4:34  Drone  
  31  4:40  Drone x3  
  31  4:41  Drone x2  
  31  4:43  Overlord  
  36  4:46  Pneumatized Carapace  
  36  4:56  Infestation Pit  
  35  5:17  Drone  
  35  5:18  Drone x5  
  41  5:21  Mutalisk x3  
  34  5:53  Mutalisk  
  28  5:57  Queen  
  28  5:59  Drone  
  30  6:06  Spore Crawler  
  30  6:08  Spore Crawler  
  28  6:14  Spore Crawler  
  22  6:33  Queen x2  
  25  6:40  Spore Crawler  
  23  7:00  Drone x2  
  23  7:01  Drone x3  
  21  7:09  Queen  
  21  7:12  Hydralisk Den  
  22  7:17  Drone x2  
  22  7:18  Drone x3  
  27  7:29  Drone x2  
  29  7:38  Queen x2  
  29  7:39  Drone x2  
  29  7:43  Queen x2  
  31  7:47  Drone x2  
  27  8:22  Hydralisk x2  
  27  8:23  Hydralisk x2  
  27  8:24  Roach, Drone x5  
  29  8:31  Drone  
  28  8:44  Spine Crawler  
  27  8:52  Spine Crawler  
  27  8:55  Drone x3  
  26  9:12  Queen  
  28  9:39  Spore Crawler  
  27  9:46  Spore Crawler  
  26  10:04  Zergling x4  
  26  10:06  Overlord x2  
  28  10:22  Overlord  
  28  10:27  Hydralisk x3  
  28  10:32  Roach  
  28  10:38  Queen  
  26  11:02  Drone  
  26  11:06  Spore Crawler  
  25  11:18  Hydralisk x6  
  33  11:34  Hydralisk  
  35  11:43  Drone x2  
  37  12:07  Queen  
  39  12:16  Drone x2  
  39  12:17  Drone  
  30  12:50  Zergling x2  
  31  12:53  Drone x5  
  31  12:57  Drone  
  36  12:59  Drone x2  
  36  13:17  Queen  
  26  14:12  Spore Crawler  
  26  14:13  Hatchery  
  24  14:25  Queen  
  26  15:02  Hydralisk x4  
  29  15:09  Hydralisk  
  29  15:35  Hydralisk x4  
  31  15:36  Zergling x2  
  28  16:00  Grooved Spines  
  24  16:31  Hydralisk  
  26  16:39  Hatchery  
  25  16:40  Overlord  
  33  17:40  Muscular Augments  
  33  17:52  Drone  
  33  17:56  Queen  
  36  18:16  Hydralisk x2  
  37  18:48  Hydralisk x2  
  41  19:00  Drone  
  40  19:33  Drone x2  
  40  19:36  Hydralisk  
  40  19:37  Hydralisk  
  40  19:53  Drone x2  
  40  19:54  Drone  
  18  20:21  Hydralisk  
  18  20:22  Hydralisk  
  22  20:42  Drone x2  
Show
View Real Time Build Order
Export as new Build Order

MajinIrukita Zerg - Winner!

Build Orders: Pool First 

Get SALT Encoding   

  12  0:16  Spawning Pool  
  11  0:22  Drone  
  11  0:26  Drone  
  13  0:30  Drone  
  13  0:33  Extractor  
  13  0:38  Drone  
  13  0:41  Extractor  
  13  0:50  Overlord  
  13  0:56  Drone  
  14  1:11  Queen  
  14  1:17  Drone  
  17  1:22  Drone  
  18  1:27  Drone  
  19  1:37  Drone  
  20  1:44  Spine Crawler  
  19  1:47  Drone  
  20  1:57  Spine Crawler  
  20  2:00  Drone  
  20  2:11  Lair  
  20  2:15  Drone  
  21  2:25  Spine Crawler  
  20  2:32  Drone x2  
  22  2:47  Spine Crawler  
  21  3:05  Drone  
  22  3:16  Spire  
  22  3:19  Spine Crawler  
  20  3:23  Drone x2  
  22  3:34  Overlord x2  
  22  4:09  Drone x2  
  24  4:28  Mutalisk x4  
  24  4:29  Mutalisk  
  34  4:31  Mutalisk  
  34  4:33  Mutalisk  
  38  4:40  Overlord  
  38  4:49  Overseer  
  38  5:02  Zerg Flyer Weapons Level 1  
  38  5:26  Drone  
  39  5:33  Spine Crawler  
  36  6:02  Corruptor x2  
  36  6:03  Corruptor  
  29  6:57  Zerg Flyer Armor Level 1  
  29  6:59  Mutalisk  
  29  7:00  Mutalisk  
  33  7:03  Zergling x10  
  33  7:04  Zergling x8  
  42  7:32  Mutalisk x2  
  46  7:39  Hatchery  
  43  8:15  Mutalisk  
  43  8:19  Overlord x2  
  45  8:20  Overlord  
  38  8:57  Queen  
  38  9:00  Drone x7  
  47  9:24  Zerg Flyer Weapons Level 2  
  45  9:54  Mutalisk  
  45  9:55  Mutalisk x4  
  55  10:02  Extractor  
  54  10:07  Zergling x2  
  54  10:08  Zergling x10  
  60  10:15  Spine Crawler  
  60  10:20  Spine Crawler  
  58  10:23  Spine Crawler  
  37  11:39  Mutalisk x3  
  39  11:40  Mutalisk x2  
  47  11:49  Zergling x10  
  52  11:57  Overseer  
  48  12:25  Mutalisk  
  48  12:26  Mutalisk x2  
  43  13:13  Spore Crawler  
  43  13:17  Spore Crawler  
  41  13:21  Spore Crawler  
  41  13:26  Spore Crawler  
  39  13:31  Spore Crawler  
  22  14:04  Zergling x12  
  22  14:08  Hatchery  
  27  15:00  Mutalisk x6  
  34  15:33  Drone x5  
  38  15:42  Queen  
  36  16:11  Extractor  
  36  16:13  Extractor  
  28  16:25  Zerg Flyer Armor Level 2  
  26  16:44  Zergling x2  
  26  16:45  Zergling x26  
  40  17:46  Mutalisk x5  
  50  18:02  Infestation Pit  
  39  18:44  Mutalisk x2  
  41  18:55  Zergling x2  
  40  18:56  Zergling x36  
  40  19:00  Hive  
  56  19:45  Overseer  
  56  19:46  Overseer x2  
  44  20:48  Overseer  
Tags
 
Add a new tag
Caveats
  • Supply blocks, unpowered buildings, or Contaminate may cause inaccurate times.
  • Supply counts are checked every 10 seconds.